 Dungeon Crawl Stone Soup version 0.29-a0-334-gb41bcbb86e (webtiles) character file.

Game seed: 15704758297579516388

1271 Lekart the Skirmisher (level 8, -2/60 (68) HPs)
             Began as a Green Draconian Chaos Knight on Apr 15, 2022.
             Was a Plaything of Xom.
             Slain by a wight
             ... wielding a +5 falchion
              (5 damage)
             ... on level 7 of the Dungeon.
             The game lasted 00:07:48 (5185 turns).

Lekart the Skirmisher (DrCK)                        Turns: 5185, Time: 00:07:48

HP:   -2/60 (68)    AC:  6    Str: 14    XL:     8   Next: 28%
MP:   15/15         EV: 13    Int: 13    God:    Xom [....*.]
Gold: 1573          SH:  3    Dex: 16    Spells: 17/17 levels left

rFire   + . .      SeeInvis .   r - +10 dagger of the Cursing Goat {venom, Fly rF+ Dex+3}
rCold   . . .      Faith    .   h - +0 buckler
rNeg    . . .      Spirit   .   (body armour unavailable)
rPois   +          Reflect  .   (helmet restricted)
rElec   .          Harm     .   (no cloak)
rCorr   .          Rampage  .   (no gloves)
Will    .....                   (no boots)
Stlth   +.........              c - amulet of magic regeneration
HPRegen 0.20/turn               (no ring)
MPRegen 0.54/turn               (no ring)

@: flying, slowed, studying 2 skills, heavily drained, very slow
A: breathe noxious fumes, AC +6, unfitting armour, poison resistance,
cold-blooded
a: Breathe Noxious Fumes, Renounce Religion


You were on level 7 of the Dungeon.
You worshipped Xom.
You were a beloved toy of Xom.
You visited 1 branch of the dungeon, and saw 6 of its levels.

You collected 1573 gold pieces.

Inventory:

Hand Weapons
 a - a +0 falchion of chaos
 p - the +7 whip of Laebrih {flame, Dex+5}
   (You found it on level 2 of the Dungeon)

   It burns those it strikes, dealing additional fire damage.
   Dex:       It affects your dexterity (+5).
 r - the +10 dagger of the Cursing Goat (weapon) {venom, Fly rF+ Dex+3}
   (You found it on level 2 of the Dungeon)

   It poisons the flesh of those it strikes.
   Dex:       It affects your dexterity (+3).
   rF:        It protects you from fire.
   Fly:       It grants you flight.
Armour
 h - a +0 buckler (worn)
Jewellery
 c - an amulet of magic regeneration (around neck)
 g - a ring of resist corrosion
 l - a ring of willpower
Wands
 x - a wand of iceblast (5)
Scrolls
 e - a scroll of amnesia {unknown}
 f - 3 scrolls of noise
 k - 3 scrolls of fog
 m - 2 scrolls of enchant armour
 n - a scroll of magic mapping
 s - 5 scrolls of teleportation
 v - 2 scrolls of identify {unknown}
Potions
 d - a potion of cancellation {unknown}
 i - a potion of degeneration {unknown}
 j - a potion of ambrosia
Miscellaneous
 b - a piece from Xom's chessboard (15/15) (quivered)


   Skills:
 + Level 5.3 Fighting
 + Level 5.1(6.2) Short Blades
 + Level 5.1(6.2) Long Blades
 + Level 4.4 Dodging
 * Level 5.2 Spellcasting


You had 17 spell levels left.
You didn't know any spells.
Your spell library contained the following spells:

 Spells                   Type           Power      Damage    Failure   Level
 Freeze                   Ice            12%        1d4       26%         1
 Magic Dart               Conj           12%        1d3       26%         1
 Call Imp                 Summ           3%         N/A       36%         2
 Frozen Ramparts          Ice            6%         1d2       58%         3
 Gell's Gravitas          Tloc           3%         N/A       58%         3
 Lesser Beckoning         Tloc           3%         N/A       58%         3
 Mephitic Cloud           Conj/Pois/Air  3%         N/A       58%         3
 Teleport Other           Tloc           3%         N/A       58%         3
 Hailstorm                Conj/Ice       3%         3d3       94%         4


Dungeon Overview and Level Annotations

Branches:
Dungeon (8/15)             Temple (0/1) D:4
   Lair: D:8-11

Altars:
Kikubaaqudgha
Xom


Innate Abilities, Weirdness & Mutations

You can breathe blasts of noxious fumes.
Your lurid green scales are hard. (AC +6)
You cannot fit into any form of body armour.
Your system is resistant to poisons. (rPois)
You are cold-blooded and may be slowed by cold attacks.


Message History

You puncture the bullfrog! You tail-slap the bullfrog.
The bullfrog is heavily wounded.
The bullfrog completely misses you.
You hit the bullfrog.
The bullfrog is poisoned.
The bullfrog is severely wounded.
The bullfrog hits you. The bullfrog barely misses you.
You hit the bullfrog.
The bullfrog looks as sick as possible!
You tail-slap the bullfrog.
You kill the bullfrog!
You see here a bullfrog corpse.
You start resting.
HP restored.
There is a stone staircase leading down here.
You fly downwards.
The wight hits you with a +4 battleaxe of freezing!
You feel drained. The wight freezes you. You block the wight's attack.
There is a stone staircase leading up here.
Xom alters the dungeon around you. The wight closely misses you.
The wight hits you with a +5 falchion.
You fly upwards.
There is a stone staircase leading down here.
You barely miss the wight. The wight closely misses you. x2
You closely miss the wight.
The wight hits you with a +4 battleaxe of freezing!
You feel yourself slow down. The wight freezes you.
The wight hits you with a +5 falchion.
You feel drained.
You are too injured to fight recklessly!
You are too injured to fight recklessly!
The wight barely misses you. The wight attacks as you move away!
The wight hits you with a +4 battleaxe of freezing!
* * * LOW HITPOINT WARNING * * *
You feel as though you will be slow longer.
The wight freezes you.
* * * LOW HITPOINT WARNING * * *
The wight barely misses you. x2; The wight hits you with a +5 falchion!
* * * LOW HITPOINT WARNING * * *
You feel drained.
You die...
Xom guffaws!

......######.###......#....###.##
......# #....#......'..........
......# #....#......#....#.....
......# #....#......#....#.....
......# ##...#......####.######
####### #####.........####...#
#.........#......'
#.........#......#
#@........#......#
#zz.......####...#
#>.....>.....#...#
#............#....
################............#...#
............................#...#
............................#....
............)...............#####
............)........<####### #


You could see 2 wights.

Vanquished Creatures
  Maggie (D:7)
  A water moccasin (D:7)
  An orc warrior (D:4)
  A black bear (D:7)
  An ice beast (D:8)
  3 bullfrogs
  3 orc priests
  An iguana (D:4)
  2 orc wizards
  4 gnolls (D:4)
  3 adders
  10 dart slugs
  17 orcs
  5 bat skeletons (D:4)
  4 endoplasms
  A giant cockroach (D:1)
  6 goblins
  9 hobgoblins
  4 quokkas (D:1)
  6 ball pythons
  2 bats (D:3)
  4 frilled lizards
  4 kobolds
  9 rats
102 creatures vanquished.

Vanquished Creatures (collateral kills)
  An ogre (D:7)
1 creature vanquished.

Grand Total: 103 creatures vanquished

Notes
Turn   | Place    | Note
-------+----------+-------------------------------------------
     0 | D:1      | Lekart the Draconian Chaos Knight began the quest for the
                  | Orb.
     0 | D:1      | Reached XP level 1. HP: 19/19 MP: 1/1
   286 | D:1      | Reached XP level 2. HP: 26/26 MP: 2/2
   348 | D:1      | XOM: divination: detect items
   414 | D:1      | Found a faded altar of an unknown god.
   512 | D:1      | XOM: summons 2 hostile demons
   513 | D:1      | Noticed a crimson imp
   519 | D:1      | XOM: stat loss: -1 Str (13/14)
   821 | D:1      | XOM: chaos upgrade
  1148 | D:1      | XOM: silly message
  1203 | D:2      | Reached XP level 3. HP: 33/33 MP: 4/4
  1246 | D:2      | XOM: 2-stop teleportation journey
  1415 | D:2      | Reached skill level 1 in Spellcasting
  1433 | D:2      | Identified the +7 whip of Laebrih {flame, Dex+5}
  1569 | D:2      | XOM is BORED!
  1605 | D:2      | XOM: silly message
  1925 | D:2      | XOM: 3-stop teleportation journey
  2133 | D:2      | Identified the +10 dagger of the Cursing Goat {venom, Fly
                  | rF+ Dex+3}
  2193 | D:3      | Reached XP level 4. HP: 22/40 MP: 5/5
  2206 | D:3      | XOM: silly message
  2756 | D:3      | XOM: silly message
  2883 | D:3      | Identified a scroll of acquirement
  2883 | D:3      | Acquired a manual of Spellcasting
  2886 | D:3      | Identified the +0 hat "Waiciaq" {rC+} (Xom gifted it to you
                  | on level 3 of the Dungeon)
  2886 | D:3      | XOM: god gift: +0 hat "Waiciaq" {rC+}
  2935 | D:4      | XOM: divination: magic mapping
  2989 | D:4      | Noticed an orc warrior
  2990 | D:4      | XOM: potion effect (invisibility)
  2999 | D:4      | Reached skill level 1 in Short Blades
  2999 | D:4      | Reached XP level 5. HP: 43/46 MP: 7/7
  3004 | D:4      | Killed an orc warrior
  3022 | D:4      | Reached XP level 6. HP: 53/53 MP: 9/9
  3413 | D:4      | XOM: silly message
  3431 | D:4      | Found an ancient bone altar of Kikubaaqudgha.
  3504 | D:4      | You are sucked into a shaft and drop 3 floors!
  3576 | D:7      | XOM: confuse monster(s)
  3639 | D:7      | Noticed a water moccasin
  3640 | D:7      | Noticed Maggie
  3645 | D:7      | Killed a water moccasin
  3646 | D:7      | Your scales start taking on a lurid green colour.
  3646 | D:7      | Reached XP level 7. HP: 51/60 MP: 10/12
  3646 | D:7      | Gained mutation: Your system is resistant to poisons.
                  | (rPois) [Green Draconian growth]
  3651 | D:7      | XOM: enchant monster (bad)
  3659 | D:7      | Killed Maggie
  3660 | D:7      | Reached skill level 5 in Fighting
  3660 | D:7      | Reached skill level 5 in Long Blades
  3902 | D:7      | XOM: 2-stop teleportation journey
  4153 | D:7      | XOM: silly message
  4155 | D:7      | XOM: summons 2 friendly demons
  4155 | D:7      | XOM: butterfly on damage
  4612 | D:7      | XOM: scenery: 1 doors close
  4707 | D:8      | XOM: summons friendly crimson imp
  4724 | D:8      | Reached XP level 8. HP: 65/68 MP: 13/15
  4798 | D:8      | XOM: god gift: 1276 gold pieces
  4809 | D:8      | Reached skill level 5 in Spellcasting
  4951 | D:8      | Reached skill level 5 in Short Blades
  4975 | D:8      | XOM: divination: detect creatures
  4976 | D:8      | XOM: fog
  5180 | D:8      | XOM: scenery: create altars
  5185 | D:7      | HP: 3/63 [wight/+5 falchion (12)]
  5185 | D:7      | Slain by a wight

Illustrated notes

Levels and vault maps discovered:
D:1:      lightli_iron_boxes, layout_loops_ring,
          shapermc_ecumenical_altar_mp_urbaneastern, minmay_split_cup_large
D:2:      layout_basic, minivault_25
D:3:      kennysheep_slugbush, layout_basic, chequers_serial_rivers_micro_b,
          minivault_5
D:4:      layout_loops_corners, kennysheep_vampire_church,
          minmay_temple_entry_glassed_door, guppyfry_early_orc_mine
D:7:      layout_gridville, chequers_serial_rivers_room_b,
          minmay_misc_feat_nine_boxes, minmay_misc_feat_pillars, uniq_maggie
D:8:      layout_loops_ring, gammafunk_ghost_cemetery

Skill      XL: |  1  2  3  4  5  6  7  8 |
---------------+-------------------------+-----
Spellcasting   | 1 2 3 4 5 |  5.2
Fighting       | 4 5 |  5.3
Long Blades    | 4 5 |  5.1
Short Blades   | 1 2 4 5 |  5.1
Dodging        | 3 4 |  4.4

Action                   |  1- 3 |  4- 6 |  7- 9 || total
-------------------------+-------+-------+-------++-------
Melee: Falchion          |    71 |       |       ||    71
       Tailslap          |     8 |    13 |    12 ||    33
       Punch             |     1 |     1 |       ||     2
       Dagger            |    15 |    82 |    51 ||   148
       Whip              |     5 |       |       ||     5
 Abil: Breathe Noxious F |       |       |     1 ||     1
  Use: Scroll            |     6 |     3 |       ||     9
       Potion            |       |     8 |       ||     8
 Stab: Sleeping          |     2 |     3 |       ||     5
       Invisible         |       |     2 |       ||     2
       Confused          |       |       |     1 ||     1
Armor: Skin              |    24 |    28 |     6 ||    58
Dodge: Dodged            |    52 |    75 |    32 ||   159
Block: Buckler           |       |       |     8 ||     8

Table legend: (Time is in decaauts)
 A = Elapsed time spent in this place.
 B = Non-inter-level travel time spent in this place.
 C = Inter-level travel time spent in this place.
 D = Time resting spent in this place.
 E = Time spent auto-exploring this place.
 F = Levels seen in this place.
 G = Mean time per level.
                   A        B        C        D        E       F      G
               +--------+--------+--------+--------+--------+-----+--------+
         Total |   5178 |   4956 |    222 |    592 |   3649 |   6 |  863.0 |
       Dungeon |   5178 |   4956 |    222 |    592 |   3649 |   6 |  863.0 |
               +--------+--------+--------+--------+--------+-----+--------+

Top non-repeatable levels by time:
     D:7: 1379 daAuts
     D:1: 1173 daAuts
     D:2: 992 daAuts
     D:3: 737 daAuts
     D:4: 608 daAuts
     D:8: 287 daAuts
